← All builds
Suicide front / Cortex / Economy first / OBSERVED BUILD

Standard suicide front

Cortex Suicide front build order · Supreme Isthmus

The role's baseline economy-first play: fast Bot Lab, early Advanced Metal Extractor, and a Thug/Grunt/Aggravator mix pushed to hold the middle while teching up.

#raid #push · 1045 distinct matches · 183 players · 73% of Cortex Suicide front games · team won 57% of 1114 · Recently observed

HOW TO PLAY IT

Key timing: Bot Lab by 0:39

  1. Open 3 mex, then rush Bot Lab almost immediately.
  2. Finish Bot Lab and start pushing Thug, Grunt, Aggravator.
  3. Send units straight to middle to contest and stop leaks.
  4. Eat the Bot Lab for metal if 32% of games reach that point.
  5. Transition into Advanced Metal Extractor once middle is stable.

Phase by phase

TYPICAL OF ITS 1045 GAMES
  1. 1
  2. 2
  3. 3
PLAY THE OPENING

Follow the example game's first 6:00 step by step: what to build now, what comes next, and where it goes. At 1× it keeps pace with your own game.

  1. 1

    Up to the Bot Lab

    Economy
    • Metal Extractor2Mex
    Order
    1. Bot LabBot Lab after 2 mexdone ~0:37, middle half 0:27–0:45

    By 0:21 in all: 2 mex

    The example game in this phase · 1 step
    1. Bot LabBot Labdone 0:20 · typical 0:37
  2. 2

    Bot Lab to 5:00

    Economy
    • Metal Extractor3Mex
    • Wind Turbine2Wind
    Builders
    • Graverobber4 Graverobber
    • Construction Bot3 Con bot
    Army
    • Guard3 Guard
    • Thug16 Thug
    • Grunt3 Grunt
    Other
    • Radar Tower1 Radar Tower

    Some games also: aggravator (38%) · con turret (30%)

    By 5:00 in all: 5 mex · 3 wind

    The example game in this phase · 27 steps
    1. GruntGrunt
    2. GraverobberGraverobber
    3. Construction BotCon bot
    4. GruntGrunt
    5. Mex
    6. Construction BotCon bot
    7. GruntGrunt
    8. Mex
    9. GruntGrunt ×9
    10. Mex
    11. GruntGrunt
    12. GraverobberGraverobber
    13. Mex
    14. ThugThug ×3
    15. Mex
    16. ThugThug ×5
    17. Wind
    18. Mex
    19. Construction BotCon bot
    20. Wind
    21. ThugThug ×3
    22. Wind
    23. ThugThug
    24. Con turret
    25. ThugThug
    26. Wind
    27. ThugThug
  3. 3

    5:00 to 10:00

    Economy
    • Metal Extractor1Mex
    • Wind Turbine12Wind
    Builders
    • Construction Turret1 Con turret
    • Graverobber3 Graverobber
    • Construction Bot1 Con bot
    Army
    • Guard1 Guard
    • Thug11 Thug
    • Grunt1 Grunt

    Some games also: aggravator (42%) · Radar Tower (39%) · energy storage (37%) · Twin Guard (31%)

    By 10:00 in all: 6 mex · 16 wind · 2 con turret

    The example game in this phase · 59 steps
    1. ThugThug
    2. Wind
    3. GraverobberGraverobber
    4. Wind
    5. ThugThug ×5
    6. Wind
    7. ThugThug ×3
    8. Wind
    9. ThugThug ×4
    10. Radar TowerRadar Tower
    11. Mex
    12. ThugThug
    13. Converter
    14. ThugThug ×2
    15. GraverobberGraverobber
    16. Wind
    17. ThugThug ×2
    18. Converter
    19. ThugThug
    20. Wind
    21. ThugThug
    22. Converter
    23. ThugThug
    24. Converter
    25. ThugThug
    26. Wind
    27. ThugThug
    28. Converter
    29. ThugThug
    30. Wind
    31. ThugThug
    32. Converter
    33. ThugThug ×2
    34. Converter ×2
    35. ThugThug ×4
    36. GraverobberGraverobber
    37. ThugThug ×2
    38. Con turret
    39. ThugThug
    40. Wind
    41. ThugThug ×3
    42. Wind
    43. ThugThug ×2
    44. Con turret
    45. ThugThug
    46. Wind
    47. ThugThug ×2
    48. Wind
    49. ThugThug ×3
    50. Wind
    51. ThugThug
    52. GraverobberGraverobber
    53. ThugThug
    54. Con turret
    55. ThugThug
    56. Advanced Metal ExtractorT2 mexnot finished by 15:00 · typical 9:59
    57. ThugThug
    58. Wind
    59. ThugThug ×5

Counts are medians over the build's games: half of them build more, half fewer. The example game is Chancho's (32 OS, 03/09/2026); pick another.

Team trades

IN AT LEAST 30% OF ITS GAMES

You hand over

Nothing regular.

You get

  • Tidal Generator4 Tidal from Pondfirst at 0:11 · in 69% of games
  • Advanced Construction Bot1 T2 con bot from Geo or Techfirst at 7:45 · in 55% of games

How it plays out

Typical game of this build, running totals by minute

Metal produced

010k20k
0:005:0010:0015:00

metal

Enemy metal destroyed

05k10k
0:005:0010:0015:00

metal

Own metal lost

05k10k
0:005:0010:0015:00

metal

1114 games.

Show as table
ByMetal produced: This buildEnemy metal destroyed: This buildOwn metal lost: This build
1:0033000
2:0094400
3:002036216172
4:003125732630
5:00427915411402
6:00546325172340
7:00663736383327
8:00782845684355
9:00894152995258
10:001020960156154
11:001156765596930
12:001313870187728
13:001475177538384
14:001637883418911
15:001776589649563
WHAT THE NUMBERS SAY

This baseline wins more often than most other roles' standard builds, with early aggression showing in high kills and losses alike.

  • + Team wins 54% of games, best winrate among the roles shown.
  • + First kill lands very early at 2:07 in all games.
  • − Own metal lost is heavy early, 1439 by 5:00.
  • − Enemy destroyed stays close to own losses through 15:00, a costly front.
THE EXAMPLE YOU ARE READING

Chancho

32.2 OS · 03/09/2026

Open source match ↗

6 received units · includes a constructor
1030 metal received · 47291 energy received

Allied construction assistance is unknown. Timings are observations, not a promise of solo reproducibility.

Typical milestones

Bot Lab0:37Middle 50%: 0:27–0:45 · n=1108
Advanced Metal Extractor9:59Middle 50%: 9:00–11:14 · n=696

Played most by

XXMACGAMERXX134games of this build_Hawkey_70games of this build_X_61games of this buildrealisticjo52games of this buildAbyssFalcon46games of this build